 Dungeon Crawl Stone Soup version 0.27.1-3-gb3d3a73c9e (webtiles) character file.

Game seed: 18133894989546368970

1140 Urokeeper the Chopper (level 8, 0/105 HPs)
             Began as a Purple Draconian Fighter on Oct 12, 2021.
             Was a Follower of Trog.
             Slain by a troll (8 damage)
             ... on level 6 of the Dungeon.
             The game lasted 00:13:21 (5691 turns).

Urokeeper the Chopper (Purple Draconian Fighter)    Turns: 5691, Time: 00:13:21

Health: 0/105      AC:  7    Str: 20    XL:     8   Next: 14%
Magic:  8/8        EV: 11    Int: 10    God:    Trog [*.....]
Gold:   285        SH: 10    Dex: 10    Spells: 7/7 levels left

rFire    . . .     SeeInvis +   a - +0 war axe (elec)
rCold    . . .     Faith    .   b - +0 kite shield
rNeg     . . .     Spirit   .   (armour unavailable)
rPois    .         Reflect  .   (helmet restricted)
rElec    .         Harm     .   (no cloak)
rCorr    .         Rampage  .   n - +0 pair of gloves
Will     +....                  (no boots)
Stlth    ..........             (no amulet)
HPRegen  0.27/turn              h - ring of see invisible
MPRegen  0.11/turn              (no ring)

@: berserking, very quick
A: breathe power, AC +6, unfitting armour, cold-blooded
a: Breathe Dispelling Energy, Renounce Religion, Berserk


You were on level 6 of the Dungeon.
You worshipped Trog.
Trog was aware of your devotion.
You visited 1 branch of the dungeon, and saw 6 of its levels.

You collected 285 gold pieces.

Inventory:

Hand Weapons
 a - a +0 war axe of electrocution (weapon)
Armour
 b - a +0 kite shield (worn)
 n - a +0 pair of gloves (worn)
Jewellery
 h - a ring of see invisible (left hand)
Wands
 c - a wand of charming (8)
 d - a wand of flame (20)
 i - a wand of iceblast (7)
Scrolls
 l - 2 scrolls of fog
 m - a scroll of holy word {unknown}
 o - a scroll of amnesia {unknown}
 p - a scroll of teleportation
 r - a scroll of immolation {unknown}
Potions
 e - a potion of mutation {unknown}
 f - a potion of resistance
 g - 2 potions of curing
 j - 2 potions of attraction
 k - a potion of lignification {unknown}
 q - a potion of might
 s - a potion of flight {unknown}
 t - a potion of degeneration {unknown}


   Skills:
 + Level 5.7 Fighting
 * Level 6.3 Axes
 + Level 4.8 Dodging
 + Level 5.2 Shields


You had 7 spell levels left.
You didn't know any spells.
Your spell library was empty.

Dungeon Overview and Level Annotations

Branches:
Dungeon (6/15)             Temple (0/1) D:5

Altars:
Gozag
Makhleb
Okawaru
Trog

Shops:
D:3 =

Annotations:
D:3 3 runed translucent doors, judgestillwater's ghost, amateur MiBe


Innate Abilities, Weirdness & Mutations

You can breathe bolts of dispelling energy.
Your rich purple scales are hard. (AC +6)
You cannot fit into any form of body armour.
You are cold-blooded and may be slowed by cold attacks.


Message History

A centaur comes into view.
The centaur shouts!
The centaur wields a +0 shortbow.
The centaur shoots an arrow.
You block the arrow.
A centaur is nearby!
A centaur is nearby!
A centaur is nearby!
Found an escape hatch in the floor.
The centaur shoots an arrow.
You block the arrow.
The centaur shoots an arrow.
The arrow hits you.
The centaur shoots an arrow.
You block the arrow.
The centaur shoots an arrow.
You block the arrow.
A troll comes into view.
The centaur shoots an arrow.
The arrow hits you.
The troll shouts!
The centaur unwields a +0 shortbow.
You block the centaur's attack. The centaur barely misses you.
You slash the centaur! Lightning courses through the centaur!
You kill the centaur!
Trog accepts your kill.
You closely miss the troll. The troll bites you! The troll claws you.
The troll claws you! The troll bites you! You block the troll's attack.
The troll claws you!
Found a scroll of teleportation.
The troll bites you!
* * * LOW HITPOINT WARNING * * *
The troll misses you. The troll claws you but does no damage.
Things that are here:
a +0 shortbow; 14 arrows
Found a robe.
You block the troll's attack. x2; The troll claws you!
* * * LOW HITPOINT WARNING * * *
A bullfrog zombie comes into view.
Unknown command.
Okay, then.
A red film seems to cover your vision as you go berserk!
You feel yourself moving faster!
You feel mighty! The troll barely misses you. You block the troll's attack.
The troll closely misses you.
You feel a strong urge to attack something.
There is an escape hatch in the floor here.
You block the troll's attack. The troll claws you!
You die...

#.##### ##.## #...#
#...# #### #...# #..
#...# # ...
######.).##.##.# ..#
#?.....T........ ..#
........@..Z...# #.#
#..............#
#.##.#.#####.#...#......
#<.....# #.#...#.###.#
####.### #.#...#.# # #
#...# ...[. ###.##


You could see a troll and a bullfrog zombie.

Vanquished Creatures
  A black bear (D:5)
  Duvessa (D:4)
  2 centaurs
  A necrophage (D:4)
  A scorpion (D:4)
  A water moccasin zombie (D:5)
  Dowan (D:4)
  2 water moccasin skeletons
  A jelly (D:5)
  A bullfrog skeleton (D:6)
  2 orc priests
  2 hounds (D:4)
  An iguana (D:5)
  An orc wizard (D:5)
  A scorpion zombie (D:5)
  A hound zombie (D:5)
  2 hound skeletons
  A howler monkey zombie (D:5)
  9 adders
  5 worms
  A dart slug (D:2)
  6 orcs
  6 endoplasms
  2 giant cockroaches
  8 goblins
  5 hobgoblins
  6 kobolds
  A quokka (D:2)
  7 ball pythons
  3 bats
  8 frilled lizards
  4 rats
94 creatures vanquished.

Vanquished Creatures (others)
  2 fungi (D:2)
  2 plants (D:2)
4 creatures vanquished.

Grand Total: 98 creatures vanquished

Notes
Turn   | Place    | Note
-------+----------+-------------------------------------------
     0 | D:1      | Urokeeper the Draconian Fighter began the quest for the
                  | Orb.
     0 | D:1      | Reached XP level 1. HP: 19/19 MP: 1/1
   332 | D:1      | Reached XP level 2. HP: 26/26 MP: 2/2
  1316 | D:2      | Reached XP level 3. HP: 31/31 MP: 3/3
  1970 | D:2      | Reached skill level 3 in Axes
  1970 | D:2      | Reached XP level 4. HP: 28/40 MP: 4/4
  2319 | D:2      | Found a faded altar of an unknown god.
  2714 | D:3      | Found a bloodstained altar of Trog.
  2727 | D:3      | Became a worshipper of Trog the Wrathful
  3021 | D:3      | Found a runed translucent gate.
  3022 | D:3      | Found a runed translucent gate.
  3024 | D:3      | Found a runed translucent gate.
  3026 | D:3      | Noticed judgestillwater's ghost (amateur MiBe)
  3043 | D:3      | Reached XP level 5. HP: 46/46 MP: 5/5
  3449 | D:3      | Found Zesif's Jewellery Shoppe.
  3744 | D:4      | Reached skill level 4 in Axes
  3796 | D:4      | Reached XP level 6. HP: 53/53 MP: 6/6
  4048 | D:4      | Reached * piety under Trog
  4156 | D:4      | Found a large runed translucent door.
  4157 | D:4      | Found a large runed translucent door.
  4549 | D:4      | Noticed Dowan
  4549 | D:4      | Noticed Duvessa
  4576 | D:4      | Killed Dowan
  4615 | D:4      | Killed Duvessa
  4616 | D:4      | Reached skill level 5 in Axes
  4616 | D:4      | Your scales start taking on a rich purple colour.
  4616 | D:4      | Reached XP level 7. HP: 26/60 MP: 7/7
  4792 | D:5      | Entered Level 5 of the Dungeon
  4798 | D:5      | Reached skill level 5 in Fighting
  4910 | D:4      | Found an opulent altar of Gozag.
  4922 | D:4      | Found an iron altar of Okawaru.
  5159 | D:5      | Found a staircase to the Ecumenical Temple.
  5325 | D:5      | Reached skill level 5 in Shields
  5417 | D:5      | Reached skill level 6 in Axes
  5418 | D:5      | Identified the +1 halberd of Riloc {flame, rF+ Stlth+}
  5489 | D:5      | Reached XP level 8. HP: 66/69 MP: 8/8
  5676 | D:6      | Found a burning altar of Makhleb.
  5678 | D:6      | Noticed a balrug
  5683 | D:6      | Noticed a troll
  5691 | D:6      | Slain by a troll

Illustrated notes

Levels and vault maps discovered:
D:1:      heliophobic_arrival_enchanted_forest, layout_basic
D:2:      layout_loops_corners, shapermc_ecumenical_altar_mp_urbaneastern
D:3:      layout_loops_cross, mainiacjoe_overflow_tiny_flanked,
          gammafunk_ghost_split, serial_shops, shop, nrook_mini_backslash,
          uniq_crazy_yiuf_cottage
D:4:      layout_layer_cave, jmf_multi_god_temple2, uniq_duvessa
D:5:      layout_cave_pools, minmay_temple_entry_trees
D:6:      layout_loops_cross, grunt_temple_overflow_order_and_chaos_2,
          grunt_potential

Skill      XL: |  1  2  3  4  5  6  7 |
---------------+----------------------+-----
Dodging        | 3 4 |  4.8
Axes           | 3 4 5 6 |  6.3
Fighting       | 4 5 |  5.7
Shields        | 4 5 |  5.2

Action                   |  1- 3 |  4- 6 |  7- 9 || total
-------------------------+-------+-------+-------++-------
Melee: War axe           |   110 |   108 |    60 ||   278
       Tailslap          |    11 |     8 |     7 ||    26
Invok: Berserk           |       |       |     1 ||     1
  Use: Potion            |     1 |     1 |       ||     2
       Scroll            |       |     6 |     2 ||     8
Armor: Skin              |    40 |    27 |    28 ||    95
Dodge: Dodged            |    45 |    34 |    31 ||   110
Block: Kite shield       |    47 |    52 |    45 ||   144
